 Dungeon Crawl Stone Soup version 0.31-a0-221-gbddc013574 (webtiles) character file.

Game seed: 12329965824425470861

131 porpoise the Sneak (level 5, 0/35 HPs)
             Began as a Merfolk Enchanter on July 5, 2023.
             Slain by an orc
             ... wielding a +0 dagger of protection
              (2 damage)
             ... on level 3 of the Dungeon.
             The game lasted 00:05:37 (2151 turns).

porpoise the Sneak (Merfolk Enchanter)              Turns: 2151, Time: 00:05:38

Health: 0/35       AC:  2    Str:  8    XL:     5   Next: 14%
Magic:  4/9        EV: 12    Int: 17    God:
Gold:   77         SH:  0    Dex: 14    Spells: 2/10 levels left

rFire   . . .        a - +4 dagger (drain)
rCold   . . .        (no shield)
rNeg    . . .        b - +0 robe
rPois   .            (no helmet)
rElec   .            (no cloak)
rCorr   +            (no gloves)
SInv    .            (no boots)
Will    .....        (no amulet)
Stlth   +++          j - ring of resist corrosion
HPRegen 0.25/turn    (no ring)
MPRegen 0.11/turn

%: no passive effects
@: no status effects
A: (nimble swimmer 2), mertail
a: no special abilities


You were on level 3 of the Dungeon.
You visited 1 branch of the dungeon, and saw 3 of its levels.

You collected 77 gold pieces.

Inventory:

Hand Weapons
 a - a +4 dagger of draining (weapon)
Armour
 b - a +0 robe (worn)
Jewellery
 j - a ring of resist corrosion (left hand)
Scrolls
 e - a scroll of poison
 g - a scroll of teleportation {unknown}
 i - a scroll of fear {unknown}
 l - a scroll of immolation {unknown}
Potions
 c - 2 potions of invisibility
 f - a potion of mutation
 h - a potion of curing
 k - a potion of lignification


   Skills:
 - Level 1.2 Short Blades
 - Level 2.6 Dodging
 + Level 4.6 Stealth
 - Level 3.0 Spellcasting
 + Level 4.0 Hexes
 * Level 1.1 Ice Magic


You had 2 spell levels left.
You knew the following spells:

 Your Spells              Type           Power      Damage    Failure   Level
a - Confusing Touch       Hex            16%        N/A       10%         3
e - Ensorcelled Hibernat  Hex/Ice        22%        N/A       9%          2
t - Tukima's Dance        Hex            16%        N/A       10%         3

Your spell library contained the following spells:

 Spells                   Type           Power      Damage    Failure   Level
 Dazzling Flash           Conj/Hex       18%        N/A       22%         3


Dungeon Overview and Level Annotations

Branches:
Dungeon (3/15)

Altars:


Innate Abilities, Weirdness & Mutations

((You are very nimble when in or above water. (Stealth+, EV+, Speed+++)))
Your lower body shifts to a powerful aquatic tail in water.


Message History

The orc hits you with a +0 dagger. The orc priest closely misses you.
You hit the orc priest.
The orc priest is lightly wounded.
The orc priest closely misses you.
You closely miss the orc priest.
The orc priest is lightly wounded.
The orc hits you with a +0 dagger. The orc priest barely misses you.
You barely miss the orc priest.
The orc priest is lightly wounded.
The orc hits you with a +4 war axe! The orc closely misses you.
The orc priest hits you with a +0 short sword.
Casting: Ensorcelled Hibernation (safe; 12% risk of failure)
Confirm with . or Enter, or press ? or * to list all spells.
Aiming: Ensorcelled Hibernation (safe; 12% risk of failure)
Press: ? - help, Shift-Dir - straight line, f - orc priest
Aim: an orc priest, wielding a +0 short sword (lightly wounded, chance to affect: 41%)
The orc priest looks drowsy...
The orc barely misses you. The orc hits you with a +0 flail.
The orc misses you. The orc hits you with a +4 war axe.
* * * LOW HITPOINT WARNING * * *
The helpless orc priest fails to defend itself.
You impale the orc priest!!
You kill the orc priest!
The orc hits you but does no damage. The orc closely misses you.
The orc hits you but does no damage. The orc hits you with a +4 war axe.
* * * LOW HITPOINT WARNING * * *
Your Hexes skill increases to level 4!
Your Ice Magic skill increases to level 1!
You have reached level 5!
You feel clever.
Casting: Ensorcelled Hibernation (safe; 9% risk of failure)
Confirm with . or Enter, or press ? or * to list all spells.
Aiming: Ensorcelled Hibernation (safe; 9% risk of failure)
Press: ? - help, Shift-Dir - straight line, f - orc
Aim: an orc, wielding a +4 war axe (chance to affect: 62%)
The orc looks drowsy...
The orc hits you with a +0 dagger.
* * * LOW HITPOINT WARNING * * *
The orc misses you.
The orc hits you with a +0 dagger of protection.
You die...

...# .# ###.#######.#
..#.........# .
#.#.........# ..
#.#.........# ...
#.#.....##### ....
..<.........#######.....
###.............oo......
................@)......
#######.........oo......
#.................
########.......#..
#.......# . #########


You could see 4 orcs.

Vanquished Creatures
  An orc priest (D:3)
  An iguana (D:2)
  3 adders (D:2)
  A worm (D:2)
  3 dart slugs
  2 bats (D:2)
  5 endoplasms
  A giant cockroach (D:2)
  3 goblins
  4 hobgoblins
  2 quokkas
  7 ball pythons
  2 frilled lizards (D:2)
  3 kobolds
  3 rats
41 creatures vanquished.

Notes
Turn   | Place    | Note
-------+----------+-------------------------------------------
     0 | D:1      | porpoise the Merfolk Enchanter began the quest for the Orb.
     0 | D:1      | Reached XP level 1. HP: 13/13 MP: 3/3
   124 | D:1      | Reached XP level 2. HP: 19/19 MP: 5/5
   128 | D:1      | Learned a level 2 spell: Ensorcelled Hibernation
  1024 | D:2      | Reached XP level 3. HP: 10/24 MP: 3/6
  1657 | D:2      | Reached XP level 4. HP: 29/30 MP: 8/8
  2119 | D:3      | Learned a level 3 spell: Confusing Touch
  2123 | D:3      | Learned a level 3 spell: Tukima's Dance
  2151 | D:3      | Reached skill level 1 in Ice Magic
  2151 | D:3      | Reached XP level 5. HP: 4/35 MP: 6/9
  2151 | D:3      | Slain by an orc

Illustrated notes

Levels and vault maps discovered:
D:1:      lemuel_arrival_rhombus, layout_basic, serial_bayou,
          serial_bayou_shore_a, serial_bayou_pond_d, serial_bayou_pond_b,
          serial_bayou_crossing, minmay_misc_feat_enclosed
D:2:      layout_loops_corners, chequers_avenue
D:3:      layout_basic, hellmonk_ecumenical_altar_crossroads, uniq_jessica

Skill      XL: |  1  2  3  4 |
---------------+-------------+-----
Stealth        | 4 |  4.6
Spellcasting   | 3 |  3.0
Hexes          | 4 |  4.0
Ice Magic      | 1 |  1.1
Short Blades   | |  1.2
Dodging        | |  2.6

Action                     |  1- 3 |  4- 6 || total
---------------------------+-------+-------++-------
  Melee: Dagger            |    90 |    12 ||   102
         Punch             |     1 |       ||     1
   Cast: Ensorcelled Hiber |     3 |     5 ||     8
    Use: Potion            |     1 |       ||     1
         Scroll            |       |     3 ||     3
   Stab: Sleeping          |    11 |     6 ||    17
 Armour: Robe              |    12 |     2 ||    14
  Dodge: Dodged            |    42 |    10 ||    52

Table legend: (Time is in decaauts)
 A = Elapsed time spent in this place.
 B = Non-inter-level travel time spent in this place.
 C = Inter-level travel time spent in this place.
 D = Time resting spent in this place.
 E = Time spent auto-exploring this place.
 F = Levels seen in this place.
 G = Mean time per level.
                   A        B        C        D        E       F      G
               +--------+--------+--------+--------+--------+-----+--------+
         Total |   2123 |   2059 |     64 |    248 |   1460 |   3 |  707.7 |
       Dungeon |   2123 |   2059 |     64 |    248 |   1460 |   3 |  707.7 |
               +--------+--------+--------+--------+--------+-----+--------+

Top non-repeatable levels by time:
     D:2: 1178 daAuts
     D:1: 787 daAuts
     D:3: 157 daAuts
